 Dungeon Crawl Stone Soup version 0.30-a0-121-gb27577e5d9 (webtiles) character file.

Game seed: 13055454915339565221

94739 Pooter the Severer (level 15, -14/136 HPs)
             Began as a Minotaur Berserker on Sept 14, 2022.
             Was an Elder of Trog.
             Demolished by an ettin
             ... wielding a +0 dire flail
              (32 damage)
             ... on level 15 of the Dungeon on Sept 15, 2022.
             The game lasted 02:05:54 (28373 turns).

Pooter the Severer (Minotaur Berserker)            Turns: 28373, Time: 02:05:54

Health: -14/136    AC: 29    Str: 26    XL:     15   Next: 64%
Magic:  23/23      EV:  9    Int:  6    God:    Trog [****..]
Gold:   1725       SH:  0    Dex: 15    Spells: 14/14 levels left

rFire   . . .      SeeInvis +    a - +4 executioner's axe (flame)
rCold   . . .      Faith    .    (shield currently unavailable)
rNeg    . . .      Spirit   .    F - +11 chain mail of Hepliaklqana's Outrage {Will+ rCorr Dex+4}
rPois   .          Reflect  .    (helmet restricted)
rElec   .          Harm     .    l - +1 cloak
rCorr   +          Rampage  ∞    D - +2 pair of gloves
Will    ++...                    Q - +3 pair of seven-league boots {Rampage+∞}
Stlth   ++........               (no amulet)
HPRegen 0.32/turn                S - ring of see invisible
MPRegen 0.18/turn                g - ring "Lodd" {Fly MP+9 Slay+2 Stlth+}

@: flying
A: horns 2, retaliatory headbutt
a: Renounce Religion, Berserk, Trog's Hand, Brothers in Arms


You were on level 15 of the Dungeon.
You worshipped Trog.
Trog was greatly pleased with you.
You visited 3 branches of the dungeon, and saw 22 of its levels.
You also visited: Sewer and Ice Cave.

You collected 2586 gold pieces.
You spent 861 gold pieces at shops.

Inventory:

Hand Weapons
 a - a +4 executioner's axe of flaming (weapon)
   (Trog gifted it to you on level 2 of the Orcish Mines)
 b - a +0 arbalest
   (You found it on level 7 of the Dungeon)
 T - a +4 battleaxe of freezing
   (You took it off a wight on level 6 of the Dungeon)
 Z - a +4 vorpal war axe
   (You took it off an orc on level 8 of the Dungeon)
Missiles
 j - 2 atropa-tipped darts
 m - 28 boomerangs (quivered)
 x - 3 silver boomerangs
 O - 4 curare-tipped darts
 W - 4 javelins
Armour
 l - a +1 cloak (worn)
   (You found it on level 2 of the Dungeon)
 r - a +1 plate armour of positive energy
   (You found it on level 8 of the Dungeon)
 D - a +2 pair of gloves (worn)
   (You found it on level 1 of the Dungeon)
 F - the +11 chain mail of Hepliaklqana's Outrage (worn) {Will+ rCorr Dex+4}
   (You bought it in a shop on level 7 of the Dungeon)

   Dex:       It affects your dexterity (+4).
   rCorr:     It protects you from acid and corrosion.
   Will:      It increases your willpower.
 M - a +1 pair of boots
   (You found it on level 2 of the Lair of Beasts)
 Q - the +3 pair of seven-league boots (worn) {Rampage+∞}
   (You found it on level 5 of the Lair of Beasts)

   Its wearer moves as far as possible in that direction when moving towards
   enemies.
Jewellery
 g - the ring "Lodd" (right hand) {Fly MP+9 Slay+2 Stlth+}
   (You found it on level 9 of the Dungeon)

   [ring of magical power]

   Slay:      It affects your accuracy & damage with ranged weapons and melee
   (+2).
   MP:        It affects your magic capacity (+9).
   Fly:       It grants you flight.
   Stlth:     It makes you more stealthy.
 k - a +6 ring of dexterity
   (You found it on level 1 of the Dungeon)
 C - a +4 ring of protection
   (You found it on level 4 of the Dungeon)
 I - a ring of protection from cold
   (You found it on level 2 of the Dungeon)
 K - a +6 ring of strength
   (You found it on level 1 of the Lair of Beasts)
 N - a ring of positive energy
   (You found it on level 3 of the Dungeon)
 P - a ring of poison resistance
   (You found it on level 7 of the Dungeon)
 S - a ring of see invisible (left hand)
   (You found it on level 7 of the Dungeon)
Wands
 d - a wand of iceblast (12)
   (You found it on level 3 of the Dungeon)
 f - a wand of flame (26)
   (You found it on level 12 of the Dungeon)
 p - a wand of polymorph (7)
   (You found it on level 10 of the Dungeon)
 u - a wand of paralysis (22)
   (You found it on level 7 of the Dungeon)
 w - a wand of light (3)
   (You found it on level 4 of the Lair of Beasts)
 R - a wand of mindburst (11)
   (You found it on level 5 of the Lair of Beasts)
Scrolls
 c - 3 scrolls of fog
 e - 2 scrolls of summoning
 h - a scroll of blinking
 n - 3 scrolls of magic mapping
 o - 3 scrolls of enchant armour
 q - 2 scrolls of immolation {!r}
 t - 11 scrolls of teleportation {@r4}
 v - 3 scrolls of poison {!r}
 y - 11 scrolls of noise {!r}
 Y - 2 scrolls of fear
Potions
 i - 3 potions of lignification {!q}
 s - 9 potions of heal wounds {@q2}
 z - 4 potions of curing {@q1}
 A - 4 potions of haste {@q3}
 B - 3 potions of mutation {!q}
 G - 8 potions of flight
 H - 3 potions of invisibility
 J - 3 potions of ambrosia
 L - a potion of attraction {!q}
 U - a potion of might
 V - a potion of resistance
 X - a potion of cancellation


   Skills:
 + Level 13.6 Fighting
 * Level 18.5 Axes
 - Level 5.0 Staves
 * Level 16.5 Ranged Weapons
 - Level 2.4 Armour
 - Level 2.1 Dodging
 + Level 9.7 Stealth
 + Level 9.3 Evocations


You had 14 spell levels left.
You didn't know any spells.
Your spell library was empty.

Dungeon Overview and Level Annotations

Branches:
Dungeon (15/15)            Temple (0/1) D:6            Lair (5/5) D:8
  Swamp (0/4) Lair:3       Spider (0/4) Lair:3        Slime (0/5) Lair:5
    Orc (2/2) D:12            Elf (0/3) Orc:2        Vaults (0/5) D:14
 Depths (0/4) D:15          Sewer (visited)           IceCv (visited)

Altars:
Okawaru
Vehumet
Jiyva

Shops:
D:6 [   D:7 [!   Orc:2 *:[(

Annotations:
D:4 1 runed translucent door, Crazy Yiuf
D:10 3 runed translucent doors, Sobieck's ghost, journeyman TrFi; fozzywoppz's ghost, journeyman DsMo


Innate Abilities, Weirdness & Mutations

You have a pair of horns on your head.
You reflexively headbutt those who attack you in melee.


Message History

You destroy the vampire mosquito!
Trog accepts your kill. The vampire mosquito bites you.
The vampire mosquito draws strength from your injuries!
The vampire mosquito bites you but does no damage.
The wizard mumbles some strange words.
The wizard blinks!
You closely miss the vampire mosquito.
The vampire mosquito bites you but does no damage. x2
You slice the vampire mosquito!! You burn the vampire mosquito!
You destroy the vampire mosquito!
Trog accepts your kill.
You slash the wizard! You burn the wizard.
The wizard hits you with a +0 dagger.
You hit the wizard. You burn the wizard. You headbutt the wizard!
The wizard barely misses you. You furiously retaliate!
You headbutt the wizard!
You kill the wizard!
Trog accepts your kill.
Trog appreciates your killing of a magic user.
You feel the effects of Trog's Hand fading.
Your skin stops crawling.
You feel less strong-willed.
An ettin comes into view. It is wielding two +0 dire flails.
Your +4 executioner's axe of flaming stops flaming.
b - a +0 arbalest (weapon)
You shoot a bolt. The bolt hits the ettin!!
You shoot a bolt. The bolt barely misses the ettin.
You shoot a bolt. The bolt hits the ettin.
You shoot a bolt.
The bolt hits the ettin but does no damage.
You shoot a bolt. The bolt barely misses the ettin.
Your +4 executioner's axe of flaming bursts into flame!
a - a +4 executioner's axe of flaming (weapon)
The ettin hits you with a +0 dire flail!!
The ettin hits you but does no damage.
You slash the ettin! You burn the ettin.
The ettin hits you with a +0 dire flail.
The ettin hits you with a +0 dire flail!
You hit the ettin but do no damage.
The ettin hits you with a +0 dire flail!!!
* * * LOW HITPOINT WARNING * * *
The ettin hits you with a +0 dire flail!!
* * * LOW HITPOINT WARNING * * *
You hit the ettin but do no damage. You headbutt the ettin!
The ettin hits you with a +0 dire flail!!
* * * LOW HITPOINT WARNING * * *
The ettin hits you but does no damage.
Unknown command.
You barely miss the ettin. You headbutt the ettin.
The ettin hits you with a +0 dire flail!!
You die...

...........................
.....†........#............
........#####.#............
........#.....#............
........#..#.#.# #. .......
........#.#...#. .......
........#.....#.. .......
.........C#).⌠# .......
......####@#### ......#
......#>.)#.)..... .......
......#... .##.... .......
......#... .# .. .......
...#.#.#.# .# ....... ...
..#.. .# ....... ...#.# ##
....... .. #. .......
..##.#.


You could see an ettin.

Vanquished Creatures
  Roxanne (D:14)
  The ghost of ytrimaz the Warrior, a journeyman DsMo of Makhleb (Orc:2)
  An orc warlord (Orc:2)
  A reaper (IceCv)
  An ettin (Orc:2)
  6 hydras
  4 vault guards (D:14)
  6 catoblepae
  4 two-headed ogres
  Erica (D:8)
  3 boulder beetles
  A tengu warrior (D:15)
  7 death yaks (Lair:5)
  Urug (Lair:1)
  3 orc high priests
  A hell knight (D:15)
  Nergalle (D:12)
  3 skeletal warriors (D:14)
  A deep troll (D:15)
  A bog body (Lair:3)
  A wizard (D:15)
  An orc knight (Orc:2)
  2 deep elf pyromancers
  A necromancer (D:15)
  An oklob plant (Lair:5)
  23 ugly things
  An orc sorcerer (Orc:1)
  A cyclops (D:13)
  6 manticores
  Maurice (D:8)
  17 elephants
  4 black mambas
  An ice statue (IceCv)
  A guardian serpent (Lair:5)
  A torpor snail (Lair:4)
  11 cane toads
  2 gargoyles
  8 komodo dragons
  An unseen horror (D:12)
  An anaconda simulacrum (IceCv)
  A rime drake (Lair:5)
  Maggie (D:9)
  An efreet (D:15)
  2 kobold demonologists (D:12)
  Prince Ribbit (D:7)
  7 trolls
  14 blink frogs
  2 tarantellas (shapeshifter)
  A tyrant leech (D:12)
  A hornet (D:9)
  7 slime creatures (D:12)
  11 dream sheep
  A shadow (D:11)
  2 vampires (D:12)
  A dire elephant simulacrum (IceCv)
  A wraith (D:10)
  3 wyverns
  2 culicivoras (Lair:3)
  A spriggan (shapeshifter) (D:14)
  3 basilisks (Lair:5)
  4 humans (D:14)
  52 yaks
  The ghost of Sekkong the Chopper, an amateur MiFi (D:3)
  Grum (D:8)
  13 vampire mosquitoes
  2 steam dragons
  3 death yak simulacra (IceCv)
  7 wargs
  An acid dragon (D:12)
  A harpy simulacrum (IceCv)
  2 swamp worms (Lair:3)
  10 water moccasins
  2 hydra simulacra (IceCv)
  43 orc warriors
  2 sky beasts
  2 black bears
  6 ogres
  4 wolves (D:8)
  7 centaurs
  4 phantoms
  Blork the orc (D:4)
  7 kobold brigands
  8 bullfrogs
  4 scorpions
  A cane toad simulacrum (IceCv)
  6 two-headed ogre simulacra (IceCv)
  9 wights
  2 elephant simulacra (IceCv)
  17 killer bees
  6 howler monkeys
  2 electric eels (Lair:3)
  3 bullfrog zombies
  4 hounds
  2 jellies
  19 orc priests
  A gnoll bouda (D:7)
  2 iguanas (D:5)
  Natasha (thrice) (D:4)
  27 orc wizards
  4 troll simulacra (IceCv)
  9 spriggan simulacra (IceCv)
  3 wolf simulacra (IceCv)
  A hound zombie (D:4)
  A howler monkey skeleton (D:3)
  14 gnolls
  15 adders
  4 river rats
  3 naga simulacra (IceCv)
  2 shadow imps
  8 white imps
  8 ufetubi (IceCv)
  An adder skeleton (D:4)
  3 adder zombies (D:4)
  A worm (D:5)
  112 orcs
  7 ball pythons
  6 endoplasms
  4 giant cockroaches
  8 goblins
  8 hobgoblins
  27 kobolds
  2 quokkas (D:4)
  11 bats
  3 frilled lizards
  10 rats
762 creatures vanquished.

Vanquished Creatures (collateral kills)
  3 humans (D:14)
3 creatures vanquished.

Vanquished Creatures (others)
  A human (D:14)
  16 fungi
  47 plants
  4 withered plants (D:4)
68 creatures vanquished.

Grand Total: 833 creatures vanquished

Notes
Turn   | Place    | Note
-------+----------+-------------------------------------------
     0 | D:1      | Pooter the Minotaur Berserker began the quest for the Orb.
     0 | D:1      | Reached XP level 1. HP: 19/19 MP: 0/0
    64 | D:1      | Reached skill level 4 in Axes
   280 | D:1      | Reached XP level 2. HP: 21/27 MP: 1/1
  1223 | D:2      | Reached skill level 1 in Staves
  1380 | D:2      | Reached XP level 3. HP: 33/33 MP: 2/2
  1671 | D:2      | Reached ** piety under Trog
  1930 | D:3      | Reached skill level 1 in Ranged Weapons
  1930 | D:3      | Reached XP level 4. HP: 40/40 MP: 3/3
  2019 | D:3      | Found a faded altar of an unknown god.
  2058 | D:3      | Reached skill level 5 in Axes
  2216 | D:3      | Identified the +2 ring mail of Gionamotza {rF+ Will+ Dex-5
                  | Stlth+}
  2430 | D:3      | Found a transporter.
  2434 | D:3      | Found a transporter.
  2435 | D:3      | Noticed Sekkong's ghost (amateur MiFi)
  2619 | D:3      | Reached XP level 5. HP: 47/47 MP: 4/4
  2623 | D:3      | Killed Sekkong's ghost
  2624 | D:3      | Reached skill level 6 in Axes
  2624 | D:3      | Reached XP level 6. HP: 55/55 MP: 5/5
  2703 | D:4      | Reached skill level 5 in Fighting
  2789 | D:4      | Noticed Natasha
  2802 | D:4      | Killed Natasha
  2908 | D:4      | Noticed Natasha
  2914 | D:4      | Killed Natasha
  3117 | D:4      | Found a radiant altar of Vehumet.
  3120 | D:4      | Noticed Blork the orc
  3130 | D:4      | Killed Blork the orc
  3131 | D:4      | Reached XP level 7. HP: 61/61 MP: 6/6
  3394 | D:4      | Noticed Natasha
  3406 | D:4      | Killed Natasha
  3436 | D:4      | Reached skill level 7 in Axes
  3581 | D:4      | Found a runed translucent door.
  3582 | D:4      | Noticed Crazy Yiuf
  3849 | D:4      | Reached skill level 5 in Ranged Weapons
  4005 | D:5      | Entered Level 5 of the Dungeon
  4283 | D:5      | Reached XP level 8. HP: 70/70 MP: 7/7
  4311 | D:5      | Reached skill level 1 in Stealth
  4515 | D:6      | Reached skill level 8 in Axes
  4682 | D:6      | Reached *** piety under Trog
  4740 | D:6      | Found a glowing drain.
  4749 | Sewer    | Entered a sewer
  4889 | Sewer    | Reached skill level 5 in Staves
  5396 | D:6      | Reached skill level 1 in Evocations
  5396 | D:6      | Reached XP level 9. HP: 70/78 MP: 8/8
  5427 | D:6      | Found a staircase to the Ecumenical Temple.
  5440 | D:6      | Reached skill level 9 in Axes
  5601 | D:6      | Found Rom Fiad's Armour Shoppe.
  5804 | D:7      | Found Jatwytui's Antique Armour Boutique.
  6686 | D:7      | Noticed Prince Ribbit
  6691 | D:7      | Killed Prince Ribbit
  6692 | D:7      | Reached skill level 10 in Axes
  6871 | D:7      | Found Omuphot's Distillery.
  6893 | D:7      | Bought a potion of might for 60 gold pieces
  6893 | D:7      | Bought a potion of resistance for 150 gold pieces
  6893 | D:7      | Bought a potion of curing for 45 gold pieces
  6893 | D:7      | Bought a potion of curing for 45 gold pieces
  7478 | D:8      | Noticed Maurice
  7483 | D:8      | Killed Maurice
  7483 | D:8      | Reached **** piety under Trog
  7484 | D:8      | Reached XP level 10. HP: 57/88 MP: 9/9
  8225 | D:8      | Reached skill level 11 in Axes
  8530 | D:8      | Noticed Erica
  8536 | D:8      | Noticed Grum
  8543 | D:8      | Killed Erica
  8547 | D:8      | Killed Grum
  9023 | D:8      | Found a staircase to the Lair.
  9348 | D:9      | Paralysed by a hornet for 3 turns
  9352 | D:9      | Paralysed by a hornet for 3 turns
 10014 | D:9      | Identified the ring "Lodd" {Fly MP+9 Slay+2 Stlth+}
 10243 | D:9      | Noticed Maggie
 10253 | D:9      | Killed Maggie
 10466 | D:9      | Reached XP level 11. HP: 95/95 MP: 10/10
 10601 | D:7      | Bought a bloodstained chain mail for 228 gold pieces
 10601 | D:7      | Identified the +11 chain mail of Hepliaklqana's Outrage
                  | {Will+ rCorr Dex+4} (You bought it in a shop on level 7 of
                  | the Dungeon)
 10643 | D:9      | Reached skill level 10 in Ranged Weapons
 10783 | D:10     | Entered Level 10 of the Dungeon
 10866 | D:10     | Found a runed translucent gate.
 10867 | D:10     | Found a runed translucent gate.
 10868 | D:10     | Found a runed translucent gate.
 10868 | D:10     | Noticed Sobieck's ghost (journeyman TrFi)
 10868 | D:10     | Noticed fozzywoppz's ghost (journeyman DsMo)
 10982 | D:10     | Reached skill level 12 in Axes
 10982 | D:10     | Reached skill level 5 in Stealth
 11237 | D:10     | Noticed a two-headed ogre
 11245 | D:10     | Killed a two-headed ogre
 11417 | D:10     | Found an iron altar of Okawaru.
 11936 | Lair:1   | Entered Level 1 of the Lair of Beasts
 12313 | Lair:1   | Reached skill level 5 in Evocations
 12547 | Lair:1   | Noticed Urug
 12562 | Lair:1   | Reached skill level 13 in Axes
 12571 | Lair:1   | Killed Urug
 13189 | Lair:2   | Reached XP level 12. HP: 106/106 MP: 11/11
 13431 | Lair:2   | Noticed a catoblepas
 13440 | Lair:2   | Killed a catoblepas
 13441 | Lair:2   | Reached skill level 10 in Fighting
 13967 | Lair:3   | Noticed a catoblepas
 13990 | Lair:3   | Reached skill level 14 in Axes
 14245 | Lair:3   | Noticed a four-headed hydra
 14253 | Lair:3   | Killed a one-headed hydra
 14580 | Lair:3   | Killed a catoblepas
 14878 | Lair:3   | Found a hole to the Spider Nest.
 15071 | Lair:3   | Found a staircase to the Swamp.
 15841 | Lair:4   | Reached XP level 13. HP: 77/115 MP: 12/12
 16365 | Lair:4   | Found a runed translucent door.
 16439 | Lair:4   | Identified the +4 scale mail "Deilu" {rC+ Will+ Str+3
                  | Int-5}
 16501 | Lair:5   | Entered Level 5 of the Lair of Beasts
 16507 | Lair:5   | Found a frozen archway.
 16512 | IceCv    | Entered an ice cave
 17216 | IceCv    | Reached skill level 15 in Axes
 17754 | IceCv    | Reached ***** piety under Trog
 18123 | IceCv    | Noticed a reaper
 18141 | IceCv    | Killed a reaper
 18672 | Lair:5   | Found a viscous altar of Jiyva.
 18672 | Lair:5   | Found a staircase to the Slime Pits.
 19188 | Lair:5   | Found the +3 pair of seven-league boots {Rampage+∞}
 19371 | Lair:5   | Reached skill level 16 in Axes
 19599 | Lair:5   | Identified the +9 trident "Suynt" {flame, Dex+4}
 19693 | Lair:5   | Reached XP level 14. HP: 115/126 MP: 13/13
 21843 | D:12     | Noticed Nergalle
 21846 | D:12     | Killed Nergalle
 22103 | D:12     | Found the +8 Vampire's Tooth {vamp}
 22197 | D:12     | Found a staircase to the Orcish Mines.
 22203 | D:12     | Reached skill level 15 in Ranged Weapons
 22231 | D:12     | Reached skill level 17 in Axes
 23340 | D:13     | Found Evaggoy's CLEARANCE SALE!.
 23350 | D:13     | Bought a scroll of fog for 20 gold pieces
 23350 | D:13     | Bought a potion of heal wounds for 25 gold pieces
 23544 | Orc:1    | Entered Level 1 of the Orcish Mines
 24070 | Orc:1    | Identified the +10 hand axe "Gyijaequ" {vorpal, rPois rF+
                  | rC+ rN+} (Trog gifted it to you on level 1 of the Orcish
                  | Mines)
 24070 | Orc:1    | Received a gift from Trog
 24268 | Orc:2    | Entered Level 2 of the Orcish Mines
 24565 | Orc:2    | Found a runed translucent door.
 24566 | Orc:2    | Noticed ytrimaz's ghost (journeyman DsMo)
 24586 | Orc:2    | Killed ytrimaz's ghost
 24827 | Orc:2    | Found a staircase to the Elven Halls.
 24984 | Orc:2    | Found Baostroxa's Book Emporium.
 25131 | Orc:2    | Found Wuxeddim's Assorted Antiques.
 25154 | Orc:2    | Bought a potion of curing for 96 gold pieces
 25154 | Orc:2    | Bought a scroll of identify for 64 gold pieces
 25154 | Orc:2    | Bought a potion of might for 128 gold pieces
 25303 | Orc:2    | Received a gift from Trog
 25415 | Orc:2    | Noticed an orc warlord
 25875 | Orc:2    | Killed an orc warlord
 25876 | Orc:2    | Reached XP level 15. HP: 123/135 MP: 14/14
 25977 | Orc:2    | Found Geubb's Antique Weapon Boutique.
 25982 | Orc:2    | Found Qury's Antique Armour Shop.
 26656 | D:14     | Noticed Roxanne
 26675 | D:14     | HP: 4/136 [Roxanne/bolt of magma (31)]
 26677 | D:14     | Killed Roxanne
 27390 | D:14     | Reached skill level 18 in Axes
 27404 | D:14     | Found a gate to the Vaults.
 27566 | D:15     | Entered Level 15 of the Dungeon
 28314 | D:15     | Found a staircase to the Depths.
 28373 | D:15     | Demolished by an ettin

Illustrated notes

Levels and vault maps discovered:
D:1:      eino_arrival_cavern_b, layout_basic, minmay_tromino_v4_a
D:2:      layout_basic, interstate_on_off
D:3:      layout_rooms, shapermc_ecumenical_altar_starsandcircs,
          gammafunk_ghost_mausoleum
D:4:      layout_loops_cross, lemuel_crystal_altar, serial_undead,
          serial_undead_c, serial_undead_f, serial_undead_c, serial_undead_b,
          uniq_natasha, uniq_blork_the_orc, uniq_crazy_yiuf_cottage
D:5:      layout_rooms
D:6:      layout_loops_cross, minmay_temple_entry_junction,
          gup_sewer_entry_bubbles, serial_shops, nicolae_shop_window_shopping,
          dk_vineyard_1
D:7:      minmay_chambers_of_fours, layout_loops_ring, serial_shops,
          nicolae_shop_waterfront, nicolae_stop_n_shop_1, uniq_prince_ribbit1
D:8:      layout_basic, grunt_lair_entry_orc_guard_hut, uniq_maurice,
          uniq_erica, uniq_grum
D:9:      layout_gridville, uniq_maggie
D:10:     layout_long_grid, mainiacjoe_overflow_concentric_impassable,
          gammafunk_ghost_cemetery
D:11:     layout_cave_pools
D:12:     layout_basic, orc_0_dummy, minmay_guarded_unrand_vampires_tooth,
          uniq_nergalle
D:13:     layout_rooms, nicolae_shop_clearance
D:14:     layout_gridville, ximxim_vaults_locker_room, minmay_misc_feat_pillars,
          uniq_roxanne
D:15:     hangedman_depths_entry_civil_slaughter, layout_cross, fedhas_altar_4
Lair:1:   layout_layer_cave, nicolae_lair_grazing_beasts
          [nicolae_sub_lair_graze_edge, nicolae_sub_lair_graze_edge,
          nicolae_sub_lair_graze_edge, nicolae_sub_lair_graze_edge],
          lemuel_fruit_fields, uniq_urug
Lair:2:   layout_hall_layers
Lair:3:   layout_cellular_growth, nicolae_swamp_entry_splash_gauntlet,
          hellmonk_spider_entry_life_and_decay, lemuel_old_faithful,
          grunt_megastairs_3, serial_bayou_shore_b, lemuel_fruit_tree,
          serial_bayou_shore_a
Lair:4:   layout_layer_cave, pf_torpor_hydra
Lair:5:   evilmike_catoblepas_cave, layout_cave_pods, slime_entry_1,
          portal_ice_cave_entry_pillars_1,
          hellmonk_guarded_unrand_seven_league_boots, grunt_megastairs_4
Orc:1:    layout_diamond_mine, mines2_lemuel
Orc:2:    grunt_orc_community_town_hall, layout_caves,
          grunt_orc_community_big_house_1, grunt_orc_community_big_house_2,
          grunt_orc_community_house_2, grunt_orc_community_house_3,
          grunt_orc_community_house_2, grunt_orc_community_house_1,
          grunt_orc_community_house_2, ebering_ghost_inner_flame,
          guppyfry_library_mini

Skill      XL: |  1  2  3  4  5  6  7  8  9 10 11 12 13 14 15 |
---------------+----------------------------------------------+-----
Axes           | 4 5 6 7 8 10 11 13 14 16 17 18 | 18.5
Fighting       | 4 5 6 7 8 9 10 12 13 | 13.6
Staves         | 1 2 3 4 5 |  5.0
Ranged Weapons | 1 2 3 4 5 6 8 9 11 12 14 15 16 | 16.5
Stealth        | 2 3 4 6 7 8 9 |  9.7
Evocations     | 1 2 4 5 6 7 8 9 |  9.3
Armour         | |  2.4
Dodging        | |  2.1

Action                   |  1- 3 |  4- 6 |  7- 9 | 10-12 | 13-15 || total
-------------------------+-------+-------+-------+-------+-------++-------
Melee: Hand axe          |    11 |       |       |     4 |     9 ||    24
       Quarterstaff      |    56 |    43 |       |       |       ||    99
       Headbutt          |     6 |    11 |    35 |    73 |   150 ||   275
       War axe           |       |    54 |    91 |       |       ||   145
       Punch             |       |     1 |     1 |       |     1 ||     3
       Battleaxe         |       |       |   122 |   268 |   477 ||   867
       Executioner's axe |       |       |       |       |   159 ||   159
 Fire: Sling             |     9 |    11 |    34 |       |       ||    54
       Arbalest          |       |       |    48 |   160 |   253 ||   461
Throw: Boomerang         |       |       |     5 |    12 |     8 ||    25
       Dart              |       |       |     2 |       |       ||     2
Invok: Berserk           |     2 |     2 |     3 |    11 |    10 ||    28
       Trog's Hand       |     1 |     2 |     3 |    12 |    29 ||    47
       Brothers in Arms  |       |       |       |       |     2 ||     2
Evoke: Wand              |       |     1 |     2 |       |     6 ||     9
  Use: Scroll            |     4 |     1 |    10 |     6 |     8 ||    29
       Potion            |       |       |       |     1 |     7 ||     8
 Stab: Sleeping          |       |     2 |     1 |     1 |     2 ||     6
       Petrified         |       |       |       |     3 |     4 ||     7
       Invisible         |       |       |       |       |     1 ||     1
Armor: Animal skin       |     4 |       |       |       |       ||     4
       Scale mail        |    43 |    11 |       |       |       ||    54
       Ring mail         |       |    35 |   114 |    35 |       ||   184
       Plate armour      |       |       |       |    41 |       ||    41
       Chain mail        |       |       |       |   174 |   508 ||   682
Dodge: Dodged            |    38 |    53 |   154 |   171 |   297 ||   713

Table legend: (Time is in decaauts)
 A = Elapsed time spent in this place.
 B = Non-inter-level travel time spent in this place.
 C = Inter-level travel time spent in this place.
 D = Time resting spent in this place.
 E = Time spent auto-exploring this place.
 F = Levels seen in this place.
 G = Mean time per level.
                   A        B        C        D        E       F      G
               +--------+--------+--------+--------+--------+-----+--------+
         Total |  28884 |  28001 |    883 |   7393 |  15708 |  24 | 1203.5 |
       Dungeon |  17298 |  16722 |    576 |   4411 |   9436 |  15 | 1153.2 |
          Lair |   6615 |   6357 |    258 |    832 |   4541 |   5 | 1323.0 |
  Orcish Mines |   2567 |   2520 |     47 |    736 |   1134 |   2 | 1283.5 |
         Sewer |    422 |    422 |      0 |     51 |    264 |   1 |  422.0 |
      Ice Cave |   1981 |   1981 |      0 |   1362 |    332 |   1 | 1981.0 |
               +--------+--------+--------+--------+--------+-----+--------+

Top non-repeatable levels by time:
     D:7: 2141 daAuts
  Lair:5: 2053 daAuts
   IceCv: 1981 daAuts
    D:14: 1854 daAuts
     D:8: 1747 daAuts
     D:9: 1456 daAuts
   Orc:2: 1451 daAuts
  Lair:3: 1349 daAuts
     D:4: 1332 daAuts
  Lair:4: 1227 daAuts
     D:1: 1190 daAuts
    D:12: 1182 daAuts
    D:10: 1158 daAuts
  Lair:1: 1154 daAuts
   Orc:1: 1115 daAuts
